AoeStats
← XEVER | Monarca

Lombardia

509716685Analyzed
4v4 RM · 4d ago on Sep 27, 2026· 44m 35s· 8 players
Game mode
Random Map
Map size
Large (8 player)
Population
200
Speed
Normal
Resources
Standard
Victory
Conquest
Starting age
Dark Age
Ending age
Imperial Age
RankedLock teamsTeams togetherTeam positionsShared explorationLock speedFull tech treeHidden civsTurbo modeCheats
Victory
Defeat
🇦🇷 Saxons · Argentina
1888
+9
🇺🇸 Burgundians · United States
1605
+19
🇦🇷 Wu · Argentina
1599
+20
🇦🇷 Teutons · Argentina
1578
+20
🇨🇿 Aztecs · Czechia
1721
-18
🇧🇷 Vikings · Brazil
1716
-18
🇨🇳 Bengalis · China
1697
-17
🇦🇷 Bohemians · Argentina
1631
-15
hK | Islamey
6:46 Loom
8:47 Feudal Age
9:09 Man-at-Arms
11:05 Double-Bit Axe
12:27 Horse Collar
14:43 Fletching
17:21 Wheelbarrow
21:31 Castle Age
21:39 Crossbowman
22:15 Bodkin Arrow
23:54 Ballistics
25:44 Chemistry
25:19 Padded Archer Armor
30:03 Leather Archer Armor
34:56 Hand Cart
35:56 Bow Saw
36:05 Town Watch
39:54 Imperial Age
37:14 Town Watch
38:37 Squires
38:02 Pikeman
38:44 Scale Mail Armor
39:26 Forging
39:52 Chain Mail Armor
40:13 Halberdier
Franczesco
4:26 Loom
10:44 Feudal Age
15:18 Castle Age
13:43 Horse Collar
14:49 Double-Bit Axe
17:04 Bow Saw
17:33 Gold Mining
22:27 Scale Mail Armor
23:26 Wheelbarrow
26:17 Hand Cart
29:55 Imperial Age
27:52 Forging
28:24 Gold Shaft Mining
28:14 Scale Mail Armor
27:53 Eagle Warrior
28:34 Squires
28:40 Stone Mining
29:36 Iron Casting
29:42 Chain Mail Armor
29:41 Arson
30:03 Elite Eagle Warrior
32:47 Blast Furnace
32:20 Plate Mail Armor
33:14 Blast Furnace
34:23 Garland Wars
35:13 Coinage
35:23 Conscription
36:04 Heavy Plow
36:28 Fletching
37:02 Ballistics
37:33 Bodkin Arrow
37:20 Treadmill Crane
38:20 Stone Shaft Mining
39:18 Banking
38:46 Town Watch
39:49 Bracer
40:52 Chemistry
Sung Jinwoo
6:23 Loom
8:42 Feudal Age
9:42 Double-Bit Axe
13:10 Horse Collar
18:43 Castle Age
17:08 Gold Mining
18:59 Fletching
19:45 Bow Saw
19:38 Padded Archer Armor
19:50 Bodkin Arrow
19:56 Crossbowman
22:20 Heavy Plow
23:28 Padded Archer Armor
24:58 Ballistics
30:31 Gold Shaft Mining
34:57 Imperial Age
33:37 Scale Mail Armor
33:48 Forging
32:59 Pikeman
33:40 Squires
33:59 Scale Mail Armor
41:18 Chain Mail Armor
41:39 Iron Casting
40:26 Pikeman
41:06 Stone Mining
43:55 Man-at-Arms
44:05 Elite Varangian Guard
Bz_青红
6:13 Loom
8:59 Feudal Age
10:36 Town Watch
11:26 Double-Bit Axe
14:56 Horse Collar
21:10 Castle Age
19:17 Gold Mining
19:43 Stone Mining
20:38 Bloodlines
21:11 Scale Barding Armor
21:44 Forging
24:37 Chain Barding Armor
29:13 Bow Saw
29:05 Heavy Plow
30:23 Wheelbarrow
30:47 Iron Casting
33:34 Hand Cart
38:02 Imperial Age
38:36 Elite Battle Elephant
40:51 Conscription
44:22 Plate Barding Armor
VL SlenderMan
4:28 Double-Bit Axe
9:59 Feudal Age
14:02 Castle Age
12:36 Bow Saw
13:36 Horse Collar
15:45 Two-Man Saw
15:38 Wheelbarrow
15:43 Horse Collar
21:39 Hand Cart
21:11 Loom
23:51 Heavy Plow
23:51 Gold Mining
23:51 Stone Mining
24:00 Stone Mining
28:45 Imperial Age
27:06 Stone Shaft Mining
27:07 Gold Shaft Mining
26:47 Scale Barding Armor
26:53 Forging
27:39 Crop Rotation
27:35 Masonry
27:07 Treadmill Crane
28:07 Burgundian Vineyards
27:41 Cavalier
28:22 Husbandry
28:43 Chain Barding Armor
28:59 Iron Casting
30:28 Plate Barding Armor
31:11 Chemistry
29:52 Onager
31:11 Paladin
32:46 Conscription
34:10 Blast Furnace
37:30 Padded Archer Armor
37:21 Fletching
37:48 Guilds
39:52 Leather Archer Armor
39:33 Bodkin Arrow
40:34 Scale Mail Armor
42:11 Bracer
XEVER | Monarca
5:34 Loom
8:29 Feudal Age
9:52 Double-Bit Axe
10:41 Horse Collar
16:31 Wheelbarrow
20:14 Castle Age
18:41 Gold Mining
22:31 Bow Saw
22:25 Heavy Plow
22:13 Town Watch
22:51 Stone Mining
24:21 Gold Shaft Mining
25:08 Gold Shaft Mining
30:32 Imperial Age
29:55 Hand Cart
30:21 Forging
30:12 Scale Mail Armor
30:31 Squires
30:17 Arson
31:44 Iron Casting
32:44 Chain Mail Armor
36:04 Blast Furnace
35:35 Plate Mail Armor
35:42 Town Patrol
36:26 Conscription
36:38 Fletching
36:49 Padded Archer Armor
37:59 Ballistics
37:50 Masonry
39:25 Bodkin Arrow
XEVER | Dylan
5:50 Loom
8:23 Feudal Age
9:17 Double-Bit Axe
17:29 Wheelbarrow
20:29 Castle Age
19:02 Horse Collar
19:47 Gold Mining
20:24 Forging
20:19 Scale Barding Armor
21:51 Bow Saw
23:16 Bloodlines
25:20 Heavy Plow
30:29 Chain Barding Armor
32:58 Fletching
38:01 Imperial Age
35:51 Hand Cart
36:33 Town Watch
37:08 Stone Mining
38:48 Iron Casting
38:06 Cavalier
39:26 Plate Barding Armor
40:37 Scale Mail Armor
41:50 Blast Furnace
VL Nahue05
6:11 Loom
8:23 Feudal Age
10:00 Double-Bit Axe
15:09 Fletching
17:58 Wheelbarrow
21:14 Castle Age
19:21 Horse Collar
19:52 Gold Mining
21:22 Crossbowman
21:59 Bodkin Arrow
23:07 Padded Archer Armor
24:15 Ballistics
26:22 Town Watch
27:12 Stone Mining
28:44 Heavy Plow
29:25 Bow Saw
38:21 Imperial Age
36:27 Scale Mail Armor
36:55 Squires
36:42 Gambesons
36:42 Arson
37:52 Chain Mail Armor
37:48 Forging
37:54 Hand Cart
39:10 Iron Casting
40:10 Chemistry
39:31 Conscription
38:32 Shield Wall
39:19 Clerical Recruitment
39:48 Elite Hearth Troop
41:30 Guilds
41:59 Plate Mail Armor
43:01 Masonry
44:42 Architecture
Connection lost

Rejoining the realm…

Still unreachable

The connection could not be restored.

Session expired

The server has moved on; the page needs a fresh start.